 Dungeon Crawl Stone Soup version 0.32-a0-306-gfed3edf829 (webtiles) character file.

Game seed: 18130877346888680542

51 Aldia the Sneak (level 3, -3/19 HPs)
             Began as a Vampire Enchanter on Feb 14, 2024.
             Slain by a cerulean imp
             ... wielding a +1 spear
             ... summoned by Natasha
              (5 damage)
             ... on level 2 of the Dungeon.
             The game lasted 00:03:31 (1356 turns).

Aldia the Sneak (Vampire Enchanter)                 Turns: 1356, Time: 00:03:32

Health: -3/19      AC:  3    Str:  7    XL:     3   Next: 57%
Magic:  13/15      EV: 12    Int: 17    God:
Gold:   95         SH:  0    Dex: 16    Spells: 1/6 levels left

rFire   . . .        e - +1 dagger (drain)
rCold   + + .        (no shield)
rNeg    + + +        b - +0 robe
rPois   ∞            (no helmet)
rElec   .            (no cloak)
rCorr   .            a - +0 pair of gloves
SInv    +            (no boots)
Will    .....        (no amulet)
Stlth   +++++        h - ring of magical power
HPRegen 0.00/turn    (no ring)
MPRegen 0.14/turn

%: no passive effects
@: bloodless, inhibited regen
A: bloodless, fangs 3, see invisible, vampiric 2
a: Bat Form, Revivify


You were on level 2 of the Dungeon.
You visited 1 branch of the dungeon, and saw 2 of its levels.

You collected 125 gold pieces.
You spent 30 gold pieces at shops.

Inventory:

Hand Weapons
 e - a +1 dagger of draining (weapon)
Armour
 a - a +0 pair of gloves (worn)
 b - a +0 robe (worn)
Jewellery
 h - a ring of magical power (left hand)
Scrolls
 f - a scroll of revelation {unknown}
 g - a scroll of identify {unknown}
Potions
 c - 2 potions of invisibility
 d - 4 potions of curing


   Skills:
 * Level 2.5 Short Blades
 - Level 2.1 Dodging
 * Level 5.6 Stealth
 - Level 2.0 Spellcasting
 - Level 4.6 Hexes
 - Level 1.0 Ice Magic


You had one spell level left.
You knew the following spells:

 Your Spells              Type           Power      Damage    Failure   Level
a - Ensorcelled Hibernat  Hex/Ice        22%        N/A       10%         2
b - Confusing Touch       Hex            17%        N/A       9%          3

Your spell library contained the following spells:

 Spells                   Type           Power      Damage    Failure   Level
 Tukima's Dance           Hex            17%        N/A       9%          3
 Dazzling Flash           Conj/Hex       18%        N/A       22%         3


Dungeon Overview and Level Annotations

Branches:
Dungeon (2/15)

Altars:

Shops:
D:1 :!![*

Annotations:
D:2 Natasha


Innate Abilities, Weirdness & Mutations

You do not regenerate when monsters are visible.
You are frail without blood (-20% HP).
You can heal yourself when you bite living creatures.
You are immune to poison.
You have razor-sharp teeth.
You have supernaturally acute eyesight. (SInv)
You are afflicted with vampirism and can become a bat while bloodless.


Message History

You barely miss the quokka. The goblin hits you with a +0 dagger.
The quokka bites you.
You barely miss the quokka. The goblin hits you with a +0 dagger.
The quokka bites you but does no damage.
You hit the quokka but do no damage.
Natasha, Servant of Life and Death comes into view.
The goblin closely misses you.
The quokka twitches its whiskers.
The quokka bites you.
Natasha hisses angrily.
You hit the quokka.
You kill the quokka!
Natasha growls.
Natasha mumbles some strange words.
The goblin hits you but does no damage.
Training target 1.0 for Ice Magic reached!
Your Ice Magic skill increases to level 1!
The goblin attacks as it pursues you! The goblin closely misses you.
The cerulean imp misses you.
You hit the goblin. You drain the goblin.
You kill the goblin!
The cerulean imp attacks as it pursues you!
The cerulean imp barely misses you. The cerulean imp completely misses you.
Natasha wildly gestures.
You feel troubled.
Natasha mumbles some strange words.
The cerulean imp attacks as it pursues you!
The cerulean imp hits you from afar with a +1 spear.
You aren't carrying any items that you can evoke.
Cast which spell? (? or * to list)
Aiming: Ensorcelled Hibernation (safe; 10% risk of failure)
Press: ? - help, Shift-Dir - straight line, f - cerulean imp
Aim: a cerulean imp, wielding a +1 spear (summoned, chance to affect: 28%)
The cerulean imp easily resists.
The cerulean imp hits you from afar with a +1 spear.
The cerulean imp hits you from afar with a +1 spear.
* * * LOW HITPOINT WARNING * * *
Natasha casts a spell.
The cerulean imp hits you from afar with a +1 spear.
You die...

#.#.#######
#.......... #5# #.#
#.#h# #.#.### #.#.5.#
#.###.# #.###@##
#.##[#.##
######.#.###.########
.# ........##
##........ .#
######...###.########
.# #..#.#.## .#
#..##.## .#
########..#### .#
#.....<...#


You could see Natasha and a cerulean imp (summoned).

Vanquished Creatures
  3 ball pythons
  A bat (D:2)
  2 endoplasms (D:1)
  A giant cockroach (D:1)
  4 hobgoblins
  3 quokkas (D:2)
  A frilled lizard (D:2)
  5 goblins
  4 kobolds (D:1)
  3 rats
27 creatures vanquished.

Notes
Turn   | Place    | Note
-------+----------+-------------------------------------------
     0 | D:1      | Aldia the Vampire Enchanter began the quest for the Orb.
     0 | D:1      | Reached XP level 1. HP: 13/13 MP: 3/3
   117 | D:1      | Found Pyxaxzen's Distillery.
   123 | D:1      | Reached XP level 2. HP: 19/19 MP: 5/5
   126 | D:1      | Learned a level 2 spell: Ensorcelled Hibernation
   206 | D:1      | Found Vus Pesump's Assorted Antiques.
   219 | D:1      | Found Sinkeq's Antique Armour Shop.
   312 | D:1      | Reached skill level 5 in Stealth
   422 | D:1      | Found Atim's Book Boutique.
   467 | D:1      | Found Ixarch's Distillery.
   558 | D:1      | Bought a potion of curing for 30 gold pieces
   888 | D:1      | Gained mutation: You are afflicted with vampirism and can
                  | become a bat while bloodless. [Vampire growth]
   888 | D:1      | Reached XP level 3. HP: 19/19 MP: 6/6
   897 | D:1      | Learned a level 3 spell: Confusing Touch
  1346 | D:2      | Noticed Natasha
  1348 | D:2      | Reached skill level 1 in Ice Magic
  1356 | D:2      | Slain by a cerulean imp

Illustrated notes

Levels and vault maps discovered:
D:1:      minmay_arrival_plants_in_alcoves, layout_basic, serial_shops,
          nicolae_shop_gibbet_a_chance, shop, nicolae_shop_behind_doors, shop,
          nicolae_diamond_shop
D:2:      layout_loops_ring, ebering_ecumenical_altar_rust, uniq_natasha

Skill      XL: |  1  2  3 |
---------------+----------+-----
Stealth        | 5 |  5.6
Short Blades   | 2 |  2.5
Ice Magic      | 1 |  1.0
Dodging        | |  2.1
Spellcasting   | |  2.0
Hexes          | |  4.6

Action                     || total
---------------------------++-------
  Melee: Dagger            ||    60
         Bite              ||     2
   Cast: Ensorcelled Hiber ||     1
Ability: Exsanguinate      ||     1
   Stab: Sleeping          ||    10
         Distracted        ||     1
 Armour: Robe              ||    29
  Dodge: Dodged            ||    26

Table legend: (Time is in decaauts)
 A = Elapsed time spent in this place.
 B = Non-inter-level travel time spent in this place.
 C = Inter-level travel time spent in this place.
 D = Time resting spent in this place.
 E = Time spent auto-exploring this place.
 F = Levels seen in this place.
 G = Mean time per level.
                   A        B        C        D        E       F      G
               +--------+--------+--------+--------+--------+-----+--------+
         Total |   1348 |   1165 |    183 |      0 |    956 |   2 |  674.0 |
       Dungeon |   1348 |   1165 |    183 |      0 |    956 |   2 |  674.0 |
               +--------+--------+--------+--------+--------+-----+--------+

Top non-repeatable levels by time:
     D:1: 1095 daAuts
     D:2: 252 daAuts
